 Dungeon Crawl Stone Soup version 0.29-a0-243-g602b31c20e (webtiles) character file.

Game seed: 17794840395318831000

142 spaghetti the Chucker (level 5, -1/54 HPs)
             Began as an Ogre Chaos Knight on Mar 5, 2022.
             Was a Plaything of Xom.
             Succumbed to a gnoll's poison
             ... on level 3 of the Dungeon.
             The game lasted 00:03:17 (1788 turns).

spaghetti the Chucker (Ogre Chaos Knight)           Turns: 1788, Time: 00:03:18

Health: -1/54      AC:  5    Str: 18    XL:     5   Next: 25%
Magic:  5/5        EV:  9    Int: 15    God:    Xom [....*.]
Gold:   110        SH:  0    Dex:  8    Spells: 4/4 levels left

rFire   . . .      SeeInvis .   j - +0 quarterstaff {staff}
rCold   . . .      Faith    .   (shield currently unavailable)
rNeg    . . .      Spirit   .   a - +2 robe
rPois   .          Reflect  .   (helmet restricted)
rElec   .          Harm     .   (no cloak)
rCorr   .          Rampage  .   (gloves unavailable)
Will    .....                   (boots unavailable)
Stlth   +.........              f - amulet of the acrobat
HPRegen 0.18/turn               (no ring)
MPRegen 0.09/turn               (no ring)

@: lethally poisoned (-1 -> -27)
A: large, unfitting armour, tough skin 1, clever 1
a: Renounce Religion


You were on level 3 of the Dungeon.
You worshipped Xom.
You were a beloved toy of Xom.
You visited 1 branch of the dungeon, and saw 3 of its levels.

You collected 110 gold pieces.


Innate Abilities, Weirdness & Mutations

You are too large for most types of armour.
You have tough skin. (AC +1)
Your mind is acute. (Int +2)


   Skills:
 - Level 4.2 Fighting
 + Level 4.6 Throwing
 - Level 2.1 Dodging
 - Level 2.7 Unarmed Combat


You had 4 spell levels left.
You didn't know any spells.
Your spell library was empty.

Inventory:

Hand Weapons
 c - a +0 mace {mace}
   (You found it on level 1 of the Dungeon)
 j - a +0 quarterstaff (weapon) {staff}
   (You found it on level 2 of the Dungeon)
Missiles
 b - 36 stones (quivered) {throwing}
Armour
 a - a +2 robe (worn)
Jewellery
 f - an amulet of the acrobat (around neck)
   (You found it on level 1 of the Dungeon)
Wands
 i - a wand of iceblast (4)
   (You found it on level 2 of the Dungeon)
Scrolls
 d - a scroll of immolation {!r!r}
 g - 3 scrolls of fog
Potions
 e - 2 potions of attraction {!q}
 k - 2 potions of cancellation
 m - a potion of heal wounds {unknown}

Dungeon Overview and Level Annotations

Branches:
Dungeon (3/15)

Altars:

# .. ... ###### ....
.....####.....####
..............((.#
.....####### #g#
.....#[...######@#
.............bbbY#
######....######b.......
###### ##.#####. .# ..
#.# .# ..


You could see a gnoll (ally target) and a friendly ice beast (summoned).


Message History

Your crimson imp disappears in a puff of smoke!
A kobold comes into view. It is wielding a +0 dagger.
The kobold shouts!
Your shadow imp degenerates into a cloud of primal chaos!
A kobold is nearby!
A kobold is nearby!
You throw a stone {throwing}. The stone {throwing} hits the kobold.
Really fire in your ufetubus's direction? [Y]es or [N]o only, please.
Really fire in your ufetubus's direction? [Y]es or [N]o only, please.
Really fire in your ufetubus's direction?
Okay, then.
Unknown command.
You sock the kobold!
You kill the kobold!
Your ufetubus degenerates into a cloud of primal chaos!
b - 39 stones {throwing} (gained 1)
You see here a +0 dagger {short}.
b - 40 stones {throwing} (gained 1)
Your ufetubus disappears in a puff of smoke!
b - 41 stones {throwing} (gained 1)
h - a scroll of identify {@r1} You open the gate.
There is an open gate here.
An orc comes into view. It is wielding a +0 flail.
The orc shouts!
An orc is nearby!
An orc is nearby!
As you read the scroll of identify {@r1}, it crumbles to dust.
k - 2 potions of cancellation You throw a stone {throwing}.
The stone {throwing} barely misses the orc.
The orc throws a boomerang.
The boomerang barely misses you.
You throw a stone {throwing}. The stone {throwing} hits the orc.
You throw a stone {throwing}. The stone {throwing} hits the orc.
You kill the orc!
No target in view! "Where it stops, nobody knows!"
Your surroundings suddenly seem different.
Unknown command.
Xom alters the dungeon around you.
You swap places.
You swap places. 2 gnolls come into view.
The gnoll shouts! x2; You hear a shout!
There are monsters nearby!
There are monsters nearby!
There are monsters nearby!
You throw a stone {throwing}. The stone {throwing} hits the gnoll.
A gnoll comes into view. It is wielding a +1 flail of venom.
You throw a stone {throwing}.
The stone {throwing} barely misses the gnoll.
The gnoll hits you but does no damage.
You completely miss the gnoll. You completely miss the gnoll.
The gnoll hits you with a +0 club.
The gnoll hits you with a +0 flail! 😮 HP[-16]
You take 16 damage, and now have 38/54 hp.
MASSIVE DAMAGE!! (PAUSE)
You barely miss the gnoll. The gnoll hits you with a +0 club.
The gnoll barely misses you. x2 😮 HP[-3]
You take 3 damage, and now have 35/54 hp.
You sock the gnoll! The gnoll barely misses you.
The gnoll hits you with a +0 club!
* * * LOW HITPOINT WARNING * * *
😨 HP[-8]
You take 8 damage, and now have 27/54 hp.
Xom guffaws.
A chill wind blows around you. 😮 HP[+1]
You sock the gnoll! The gnoll hits you with a +0 flail.
* * * LOW HITPOINT WARNING * * *
😨 HP[-4]
You take 4 damage, and now have 24/54 hp.
You closely miss the gnoll. The gnoll barely misses you.
You completely miss the gnoll. The gnoll closely misses you.
You sock the gnoll!
You kill the gnoll!
The gnoll hits you with a +0 flail.
* * * LOW HITPOINT WARNING * * *
😨 HP[-6]
You take 6 damage, and now have 18/54 hp.
You sock the gnoll!
You kill the gnoll! 😨 HP[+1]
You closely miss the gnoll.
The gnoll hits you with a +1 flail of venom!
* * * LOW HITPOINT WARNING * * *
You are lethally poisoned!
The gnoll hits you with a +1 flail of venom.
* * * LOW HITPOINT WARNING * * *
You are more poisoned. 😱 HP[-14]
You take 14 damage, and now have 5/54 hp.
MASSIVE DAMAGE!! (PAUSE) It was a potion of magic.
Magic courses through your body.
You die...
Xom giggles madly!

Skill      XL: |  1  2  3  4 |
---------------+-------------+-----
Throwing       | 1 2 3 4 |  4.6
Fighting       | |  4.2
Dodging        | |  2.1
Unarmed Combat | |  2.7

Action                   |  1- 3 |  4- 6 || total
-------------------------+-------+-------++-------
Melee: Mace              |   121 |       ||   121
       Unarmed           |     6 |       ||     6
       Quarterstaff      |     7 |    13 ||    20
       Punch             |     2 |       ||     2
Throw: Stone             |    36 |    23 ||    59
  Use: Scroll            |     2 |     3 ||     5
       Potion            |     1 |     2 ||     3
Armor: Robe              |    67 |     2 ||    69
Dodge: Dodged            |   106 |     8 ||   114

Levels and vault maps discovered:
D:1:      dpeg_arrival_connections, layout_basic, minmay_pentomino_u4
D:2:      layout_basic
D:3:      layout_basic, ebering_ecumenical_altar_ruins,
          kennysheep_cross_bottleneck, minmay_shallow_snake_nest, uniq_ijyb

Notes
Turn   | Place    | Note
-------+----------+-------------------------------------------
     0 | D:1      | spaghetti the Ogre Chaos Knight began the quest for the
                  | Orb.
     0 | D:1      | Reached XP level 1. HP: 24/24 MP: 1/1
     0 | D:1      | magus.rc [v1.9.6]
   300 | D:1      | Reached skill level 1 in Throwing
   300 | D:1      | Reached XP level 2. HP: 32/32 MP: 2/2
   508 | D:1      | Reached skill level 2 in Throwing
   602 | D:1      | Reached XP level 3. HP: 39/39 MP: 3/3
   765 | D:1      | XOM: silly message
   806 | D:1      | XOM: silly message
   902 | D:1      | XOM is BORED!
  1005 | D:1      | XOM: silly message
  1162 | D:2      | XOM: give mutation
  1162 | D:2      | Gained mutation: Your mind is acute. (Int +2) [Xom's grace]
  1183 | D:2      | Reached skill level 3 in Throwing
  1318 | D:2      | Reached XP level 4. HP: 45/48 MP: 4/4
  1678 | D:3      | Identified the +3 leather armour of the Wonderful God
                  | {Harm}
  1679 | D:3      | Noticed a necrophage
  1682 | D:3      | XOM: summons 4 friendly demons
  1686 | D:3      | Killed a necrophage
  1687 | D:3      | Reached skill level 4 in Throwing
  1687 | D:3      | Reached XP level 5. HP: 54/54 MP: 5/5
  1757 | D:3      | XOM: 1-stop teleportation journey
  1769 | D:3      | XOM: scenery: summon butterflies
  1781 | D:3      | XOM: cast spell 'Summon Ice Beast'
  1787 | D:3      | HP: 10/54 [gnoll/+1 flail of venom (9)]
  1788 | D:3      | Succumbed to a gnoll's poison

Vanquished Creatures
  An adder (D:2)
  2 gnolls (D:3)
  A dart slug (D:1)
  An orc (D:3)
  4 ball pythons (D:1)
  5 endoplasms
  A giant cockroach (D:2)
  6 goblins (D:1)
  2 hobgoblins (D:1)
  4 jackals (D:1)
  6 kobolds
  A quokka (D:1)
  8 bats
  6 frilled lizards
  6 rats
54 creatures vanquished.

Vanquished Creatures (collateral kills)
  A necrophage (D:3)
1 creature vanquished.

Grand Total: 55 creatures vanquished

Table legend:
 A = Non-vault XP
 B = Vault XP
 C = Vault XP percentage of total XP
 D = Non-vault monster count
 E = Vault monster count
 F = Vault count percentage of total count
                 A         B        C        D         E       F
            +---------+---------+-------+---------+---------+-------
      Total |     197 |       7 |   3.4 |      51 |       4 |   7.3
            +---------+---------+-------+---------+---------+-------
        D:1 |      56 |       7 |  11.1 |      34 |       4 |  10.5
        D:2 |      29 |       0 |   0.0 |      12 |       0 |   0.0
        D:3 |     112 |       0 |   0.0 |       5 |       0 |   0.0
            +---------+---------+-------+---------+---------+-------

Illustrated notes

Table legend:
 A = Kills in this place as a percentage of kills in entire the game.
 B = Kills by you in this place as a percentage of kills by you in the entire game.
 C = Kills by friends in this place as a percentage of kills by friends in the entire game.
 D = Other kills in this place as a percentage of other kills in the entire game.
 E = Experience gained in this place as a percentage of experience gained in the entire game.
 F = Experience gained in this place divided by the number of levels of this place that you have seen.
                   A       B       C       D       E      F
               +-------+-------+-------+-------+-------+----------------------
         Total | 100.0 | 100.0 | 100.0 |   N/A | 100.0 |  68.0
       Dungeon | 100.0 | 100.0 | 100.0 |   N/A | 100.0 |  68.0
               +-------+-------+-------+-------+-------+----------------------

Table legend: (Time is in decaauts)
 A = Elapsed time spent in this place.
 B = Non-inter-level travel time spent in this place.
 C = Inter-level travel time spent in this place.
 D = Time resting spent in this place.
 E = Time spent auto-exploring this place.
 F = Levels seen in this place.
 G = Mean time per level.
                   A        B        C        D        E       F      G
               +--------+--------+--------+--------+--------+-----+--------+
         Total |   1838 |   1783 |     55 |     70 |   1279 |   3 |  612.7 |
       Dungeon |   1838 |   1783 |     55 |     70 |   1279 |   3 |  612.7 |
               +--------+--------+--------+--------+--------+-----+--------+

Top non-repeatable levels by time:
     D:1: 1175 daAuts
     D:2: 548 daAuts
     D:3: 115 daAuts
